Yev-Ruu, chaotic female vampiric Convict --------- |...<...| |.......| |.......| ------------ |.......| |..........| |.......| #|..........+ -|------- ###|..........| #### # #...........| % ### #|..........| --------- ### # ###|..........| |..p._!.| # --------- ### # ------------ # |......$| ---.---- |.......-###########################........| |......|# |.......|### |.......| |.......# |.......|# ## |.......| |......| |........# # |.......| |.>.....#####-.......|### --------- -------- |........# --------- Yev-Ruu the Jail-bird Experience level: 8 Strength: 16 Dexterity: 11 Constitution: 18 Intelligence: 12 Wisdom: 10 Charisma: 9 Health: 83(83) Energy: 57(57) AC: 4 Gold: 1114 Moves: 4337 Your Inventory: Coins $ - 1114 gold pieces Armor b - a cursed +0 striped shirt (being worn) k - a [blessed] rotted +2 hooded cloak [dwarvish] (being worn) l - an uncursed +0 pair of hard shoes [iron] (being worn) w - an [uncursed] +0 hard hat [dwarvish iron helm] (being worn) C - an uncursed [+0] pair of mud boots [speed] Scrolls y - a cursed scroll of flood Rings u - an uncursed ruby ring [of invisibility] v - a cursed wedding ring [of teleportation] Wands o - an uncursed wand of opening [0:4] Tools f - an uncursed bag called Hold [of holding] R - a cursed partly used [wax] candle (0:72) S - an uncursed [tallow] candle T - a cursed stethoscope Gems q - 4 uncursed green gems [worthless glass] r - 2 uncursed red gems [worthless glass] t - an uncursed yellow gem [chrysoberyl] x - 3 cursed violet gems [worthless glass] U - an uncursed yellowish brown gem [worthless glass] Iron balls c - an uncursed rusty heavy iron ball Spells known in the end: Name Level Category Fail Memory a - sleep 1 enchantment 60% [|||||||.] Your skills at the end: Fighting Skills Weapon Skills sling [Basic / Skilled] Spellcasting Skills Final Attributes: You were piously aligned. Hunger level was 683. Your alignment was 30 / 31. Monster difficulty range was 1 - 7. Level difficulty was 7. You were immune to poison. You were immune to level-drain. You were immune to sickness. You were punished. You were invisible. You were levitating. You could survive without air. You regenerated. You were very unlucky (-9). Tymora was angry with you (3). You are dead. Vanquished creatures: a small mimic a brown pudding 4 Mordor orcs a rock mole a pony a fog cloud a yellow light a shrieker 4 gnome lords a gnomish wizard a gray ooze a giant ant 5 dwarves a kobold lord 3 hill orcs 3 rothes 3 giant bats a Kop Sergeant an orc zombie an iguana 17 killer bees 2 coyotes 2 hobbits 2 manes a giant rat a cave spider 2 yellow molds a red mold 23 gnomes 8 Keystone Kops 2 garter snakes 4 geckos 4 jackals a goblin 4 sewer rats 7 grid bugs 4 lichens 7 newts 128 creatures vanquished. Voluntary challenges: You went without food. You never hit with a wielded weapon. You read items or engraved 5 times. You put on armor 6 times. You never genocided any monsters. You never polymorphed an object. You never changed form. You used no wishes. You abstained from Elbereth's help. You never encountered a bones level. You never used any Sokoban shortcuts. Dungeon overview: The Dungeons of Doom: levels 1 to 7 Level 1 some fountains a long staircase Level 3 (Bring pickaxe) a potion shop, some altars, a fountain stairs to The Gnomish Mines Level 5 many fountains Level 6 a fountain, a throne Level 7 <- You were here an altar to Tymora The Gnomish Mines: levels 4 to 5 Level 4 stairs to The Dungeons of Doom History has recorded: On T:1 you entered the Dungeons of Doom to retrieve the Amulet of Yendor! On T:336 you reached level 2 of The Dungeons of Doom. On T:622 you advanced to experience level 2. On T:745 you advanced to experience level 3. On T:940 you reached level 3 of The Dungeons of Doom. On T:1354 you reached level 1 of The Gnomish Mines. On T:1363 you advanced to experience level 4. On T:1385 you advanced to experience level 5. On T:1659 you advanced to experience level 6. On T:1995 you reached level 2 of The Gnomish Mines. On T:2471 you advanced to experience level 7. On T:2529 you reached level 4 of The Dungeons of Doom. On T:3324 you reached level 5 of The Dungeons of Doom. On T:3445 you advanced to experience level 8. On T:3821 you reached level 6 of The Dungeons of Doom. On T:4004 you reached level 7 of The Dungeons of Doom. Latest messages: [3 turns] You begin praying to Tymora. You finish your prayer. The voice of Tymora rings out: "Thou hast angered me." A black glow surrounds you. Your 3 violet gems glow with a black aura. Your stethoscope glows with a black aura. Your candle glows with a black aura. [3 turns] You begin praying to Tymora. You finish your prayer. The voice of Tymora booms: "Thou hast angered me." You are being punished for your misbehavior! [3 turns] You begin praying to Tymora. You finish your prayer. The voice of Tymora rings out: "Thou hast angered me." Suddenly, a bolt of lightning strikes you! You fry to a crisp. The bag of holding is empty. Final status: Goodbye Yev-Ruu the Convict... You died in The Dungeons of Doom on dungeon level 7 with 5267 points, and 1114 pieces of gold, after 4337 moves. You were level 8 with a maximum of 83 hit points when you died.